 Dungeon Sprint DCSS version 0.22-a0-429-g97ce8ef (webtiles) character file.

300 jerryfan the Nimble (level 6, -3/53 HPs)
             Began as a Gnoll Wanderer on May 25, 2018.
             Slain by Sonja
             ... wielding a +0 dagger of venom
              (5 damage)
             ... in the Dungeon (Sprint I: "Red Sonja").
             The game lasted 00:01:52 (238 turns).

jerryfan the Nimble (Gnoll Wanderer)                 Turns: 238, Time: 00:01:53

Health: -3/53      AC:  5    Str: 13    XL:     6   Next: 36%
Magic:  12/12      EV: 17    Int: 15    God:
Gold:   173        SH:  0    Dex: 17    Spells: 13/13 levels left

rFire    . . .     SeeInvis .   k - +8 club
rCold    . . .     Gourm    .   (no shield)
rNeg     . . .     Faith    .   a - +2 leather armour
rPois    .         Spirit   .   (no helmet)
rElec    .         Reflect  .   (no cloak)
rCorr    .         Harm     .   (no gloves)
MR       .....     NoTele   +   (no boots)
Stlth    +++.......             (no amulet)
HPRegen  0.17/turn              (no ring)
MPRegen  0.13/turn              (no ring)

@: lethally poisoned (-3 -> -51), slowed, very slow
A: distributed training, fangs 1, strong nose
a: no special abilities


You were in the Dungeon.
You were not hungry.

You visited 1 branch You collected 173 gold pieces.

Inventory:

Hand Weapons
 c - a +0 short sword
 k - a +8 club (weapon)
Armour
 a - a +2 leather armour (worn)
 l - a +0 leather armour
Wands
 i - a wand of digging (13)
Scrolls
 b - a scroll of teleportation
 j - a scroll of blinking
Potions
 h - 2 potions of magic
Comestibles
 d - a ration
 m - 4 chunks of flesh


   Skills:
 + Level 6.4 Fighting
 + Level 6.4 Short Blades
 + Level 4.3 Long Blades
 + Level 4.3 Axes
 + Level 4.3 Maces & Flails
 + Level 5.1 Polearms
 + Level 4.3 Staves
 + Level 4.3 Slings
 + Level 4.3 Bows
 + Level 4.3 Crossbows
 + Level 4.3 Throwing
 + Level 4.3 Armour
 + Level 8.0 Dodging
 + Level 5.0 Stealth
 + Level 5.1 Shields
 + Level 4.3 Unarmed Combat
 + Level 4.3 Spellcasting
 + Level 3.6 Conjurations
 + Level 3.6 Hexes
 + Level 3.6 Charms
 + Level 3.6 Summonings
 + Level 3.6 Necromancy
 + Level 3.6 Translocations
 + Level 3.6 Transmutations
 + Level 3.6 Fire Magic
 + Level 3.6 Ice Magic
 + Level 3.6 Air Magic
 + Level 3.6 Earth Magic
 + Level 3.6 Poison Magic
 + Level 4.8 Invocations
 + Level 4.3 Evocations


You had 13 spell levels left.
You didn't know any spells.
Your spell library was empty.

Dungeon Overview and Level Annotations

Branches:
Dungeon (1/1)

Altars:
Sif Muna
Vehumet
Wu Jian

Annotations:
D Sonja


Innate Abilities, Weirdness & Mutations

Your experience applies equally to all skills.
You have very sharp teeth.
Your uncanny sense of smell can sniff out nearby items.


Message History

You completely miss Sonja.
* * * LOW HITPOINT WARNING * * *
You feel very sick.
Sonja mumbles some strange words.
Sonja blinks!
Sonja misses you.
Sonja hits you with an uncursed dagger of venom.
* * * LOW HITPOINT WARNING * * *
Sonja hits you but does no damage.
You are more poisoned.
You closely miss Sonja.
* * * LOW HITPOINT WARNING * * *
You feel very sick.
Sonja hits you with an uncursed dagger of venom.
* * * LOW HITPOINT WARNING * * *
You are more poisoned.
Sonja hits you with an uncursed dagger of venom.
* * * LOW HITPOINT WARNING * * *
You are more poisoned.
Sonja hits you with an uncursed dagger of venom.
You die...

#..'..#..').#..+
∆∆
#.)#####'#####'#
#..# #..#∆∆∆#.#
∆∆ #..#
####∆∆##)# #..#
#+#_.+ #⌠⌠#
+.(._# ####
#_.#+# ∆∆ ##K#∆
∆∆∆∆ #@# ∆
+$.$+∆∆ ∆∆ ∆
#$.$# ##.##
∆#+#∆ ∆∆∆∆∆
∆∆∆∆∆


You could see Sonja.

Vanquished Creatures
  Sigmund (D)
  An ogre (D)
  A jelly (D)
  Ijyb (D)
4 creatures vanquished.

Vanquished Creatures (others)
  A gargoyle (D)
1 creature vanquished.

Grand Total: 5 creatures vanquished

Notes
Turn   | Place    | Note
-------+----------+-------------------------------------------
     0 | D        | jerryfan the Gnoll Wanderer began the quest for the Orb.
     0 | D        | jerryfan set off with: a +2 leather armour, a scroll of teleportation, a +0 short sword, a ration, a potion of curing, a potion of heal wounds, a potion of haste, 2 potions of magic, a potion of berserk rage, a scroll of blinking
     0 | D        | Reached XP level 1. HP: 20/20 MP: 1/1
     1 | D        | Noticed Ijyb
    14 | D        | Killed Ijyb
    14 | D        | Reached skill level 1 in Long Blades
    14 | D        | Reached skill level 1 in Axes
    14 | D        | Reached skill level 1 in Maces & Flails
    14 | D        | Reached skill level 1 in Staves
    14 | D        | Reached skill level 1 in Slings
    14 | D        | Reached skill level 1 in Bows
    14 | D        | Reached skill level 1 in Crossbows
    14 | D        | Reached skill level 1 in Throwing
    14 | D        | Reached skill level 1 in Armour
    14 | D        | Reached skill level 1 in Unarmed Combat
    14 | D        | Reached skill level 1 in Spellcasting
    14 | D        | Reached skill level 1 in Conjurations
    14 | D        | Reached skill level 1 in Hexes
    14 | D        | Reached skill level 1 in Charms
    14 | D        | Reached skill level 1 in Summonings
    14 | D        | Reached skill level 1 in Necromancy
    14 | D        | Reached skill level 1 in Translocations
    14 | D        | Reached skill level 1 in Transmutations
    14 | D        | Reached skill level 1 in Fire Magic
    14 | D        | Reached skill level 1 in Ice Magic
    14 | D        | Reached skill level 1 in Air Magic
    14 | D        | Reached skill level 1 in Earth Magic
    14 | D        | Reached skill level 1 in Poison Magic
    14 | D        | Reached skill level 1 in Invocations
    14 | D        | Reached skill level 1 in Evocations
    14 | D        | Reached XP level 2. HP: 20/26 MP: 1/4
    14 | D        | Reached XP level 3. HP: 25/32 MP: 1/5
   154 | D        | Noticed an ogre
   166 | D        | Killed an ogre
   166 | D        | Reached skill level 5 in Fighting
   166 | D        | Reached skill level 5 in Short Blades
   166 | D        | Reached skill level 7 in Dodging
   166 | D        | Reached XP level 4. HP: 12/39 MP: 5/8
   166 | D        | Killed a gargoyle
   176 | D        | Noticed Sigmund
   189 | D        | Killed Sigmund
   189 | D        | Reached skill level 5 in Polearms
   189 | D        | Reached skill level 5 in Shields
   189 | D        | Reached XP level 5. HP: 43/46 MP: 7/11
   189 | D        | Reached XP level 6. HP: 49/52 MP: 7/12
   215 | D        | Found an ornate altar of the Wu Jian Council.
   215 | D        | Found a deep blue altar of Sif Muna.
   217 | D        | Found a radiant altar of Vehumet.
   223 | D        | Reached skill level 8 in Dodging
   223 | D        | Reached skill level 5 in Stealth
   232 | D        | Noticed Sonja
   238 | D        | HP: 2/53 [Sonja/uncursed dagger of venom (2)]
   238 | D        | Slain by Sonja

Vault maps used:
D:        dungeon_sprint_1

Skill      XL: |  1  2  3  4  5  6 |
---------------+-------------------+-----
Long Blades    | 1 3 4 |  4.3
Axes           | 1 3 4 |  4.3
Maces & Flails | 1 3 4 |  4.3
Polearms       | 3 4 5 |  5.1
Staves         | 1 3 4 |  4.3
Slings         | 1 3 4 |  4.3
Bows           | 1 3 4 |  4.3
Crossbows      | 1 3 4 |  4.3
Throwing       | 1 3 4 |  4.3
Armour         | 1 3 4 |  4.3
Shields        | 3 4 5 |  5.1
Unarmed Combat | 1 3 4 |  4.3
Spellcasting   | 1 3 4 |  4.3
Conjurations   | 1 2 3 |  3.6
Hexes          | 1 2 3 |  3.6
Charms         | 1 2 3 |  3.6
Summonings     | 1 2 3 |  3.6
Necromancy     | 1 2 3 |  3.6
Translocations | 1 2 3 |  3.6
Transmutations | 1 2 3 |  3.6
Fire Magic     | 1 2 3 |  3.6
Ice Magic      | 1 2 3 |  3.6
Air Magic      | 1 2 3 |  3.6
Earth Magic    | 1 2 3 |  3.6
Poison Magic   | 1 2 3 |  3.6
Invocations    | 1 3 4 |  4.8
Evocations     | 1 3 4 |  4.3
Fighting       | 5 6 |  6.4
Short Blades   | 5 6 |  6.4
Dodging        | 7 8 |  8.0
Stealth        | 3 4 5 |  5.0

Action                   |  1- 3 |  4- 6 || total
-------------------------+-------+-------++-------
Melee: Short sword       |    11 |       ||    11
       Bite              |     1 |     1 ||     2
       Club              |     6 |    15 ||    21
  Use: Potion            |     1 |     3 ||     4
Armor: Leather armour    |     2 |     5 ||     7
Dodge: Dodged            |    10 |    12 ||    22

Table legend:
 A = Spawn XP
 B = Non-spawn XP
 C = Spawn XP percentage of total XP
 D = Spawn monster count
 E = Non-spawn monster count
 F = Spawn count percentage of total count
 G = Total turns spent on level
                    A         B        C        D         E        F      G
               +---------+---------+-------+---------+---------+-------+---------
         Total |       0 |     429 |   0.0 |       0 |       4 |   0.0 |   238
               +---------+---------+-------+---------+---------+-------+---------
             D |       0 |     429 |   0.0 |       0 |       4 |   0.0 |   238
               +---------+---------+-------+---------+---------+-------+---------
